 Dungeon Crawl Stone Soup version 0.26-a0-146-g24f6d3962c (webtiles) character file.

Game seed: 425767185000463317

327258 MrRokkomies the Sharpshooter (level 22, -11/123 HPs)
             Began as a Kobold Arcane Marksman on June 26, 2020.
             Was the Champion of Hepliaklqana.
             Mangled by a frost giant
             ... wielding a +0 battleaxe of freezing
              (28 damage)
             ... on level 3 of the Vaults on June 29, 2020.
             The game lasted 03:18:15 (49995 turns).

MrRokkomies the Sharpshooter (KoAM)                Turns: 49995, Time: 03:18:16

Health: -11/123    AC: 30    Str: 12    XL:     22   Next: 63%
Magic:  32/32      EV: 21    Int: 17    God:    Hepliaklqana [******]
Gold:   1370       SH:  0    Dex: 18    Spells: 7/23 levels left

rFire    + + +     SeeInvis +   a - +4 lajatang of Brutal Revenge {flame, rF+ rC++}
rCold    + . .     Faith    .   (shield currently unavailable)
rNeg     . . .     Spirit   .   E - +8 fire dragon scales
rPois    .         Reflect  .   C - +0 mask of the Dragon {MR+ Slay+3 SInv}
rElec    .         Harm     .   s - +2 cloak {rCorr}
rCorr    +                      u - +0 pair of gloves
MR       +++..                  x - +1 pair of boots {Fly}
Stlth    ..........             V - amulet of regeneration
HPRegen  0.70/turn              l - ring of protection from magic
MPRegen  0.23/turn              m - +4 ring of protection

@: flying
A: small, reduced essence, carnivore
}: 2/15 runes: decaying, serpentine
a: Recall Ancestor, Ancestor Identity, Transference, Idealise, Renounce
Religion, Stop Flying


You were on level 3 of the Vaults.
You worshipped Hepliaklqana.
Hepliaklqana was exalted by your worship.
You were completely stuffed.

You visited 6 branches of the dungeon, and saw 34 of its levels.
You visited 1 bazaar.
You also visited: Ossuary, Bailey and Ice Cave.

You collected 5078 gold pieces.
You spent 3708 gold pieces at shops.

Inventory:

Hand Weapons
 a - the +4 lajatang of Brutal Revenge (weapon) {flame, rF+ rC++}
   (You found it in an ossuary)

   It has been specially enchanted to burn those struck by it, causing extra
   injury to most foes and up to half again as much damage against particularly
   susceptible opponents.
   Big, fiery blades are also staple armaments of hydra-hunters.
   It protects you from fire.
   It greatly protects you from cold.
 b - a +3 triple crossbow
 n - a +1 lajatang of electrocution
 w - the +13 lance "Wyrmbane" {slay drac, rPois rF+ rC+ AC+3}
   (You bought it in a shop on level 2 of the Orcish Mines)

   It affects your AC (+3).
   It protects you from fire.
   It protects you from cold.
   It protects you from poison.
Missiles
 d - 953 bolts
 y - 75 poisoned darts (quivered)
 L - 6 throwing nets
 T - 10 curare-tipped darts
Armour
 s - a +2 cloak of preservation (worn)
 u - a +0 pair of gloves (worn)
 x - a +1 pair of boots of flying (worn)
 C - the +0 mask of the Dragon (worn) {MR+ Slay+3 SInv}
   (You found it on level 10 of the Dungeon)

   It affects your accuracy and damage with ranged weapons and melee attacks
   (+3).
   It affects your resistance to hostile enchantments.
   It lets you see invisible.
 E - +8 fire dragon scales (worn)
Jewellery
 j - the amulet "Dicwiss" {Spirit rElec Dex+4}
   (You acquired it on level 7 of the Dungeon)

   [amulet of guardian spirit]

   It causes incoming damage to be split between your health and magic.
   It affects your dexterity (+4).
   It insulates you from electricity.
 l - a ring of protection from magic (left hand)
 m - a +4 ring of protection (right hand)
 N - an uncursed ring of protection from cold
 S - an uncursed ring of protection from fire
 V - an amulet of regeneration (around neck)
Wands
 c - a wand of flame (59)
 D - a wand of random effects (19)
 H - a wand of clouds (11)
 I - a wand of disintegration (14)
 K - a wand of digging (19)
 R - a wand of acid (26)
 W - a wand of enslavement (14)
 X - a wand of paralysis (29)
 Z - a wand of iceblast (22)
Scrolls
 h - 25 scrolls of identify
 p - a scroll of enchant armour
 t - 6 scrolls of blinking
 z - 17 scrolls of remove curse
 B - 2 scrolls of magic mapping
 M - 7 scrolls of fog
 P - 3 scrolls of immolation
 U - 6 scrolls of teleportation
 Y - 4 scrolls of silence
Potions
 e - a potion of magic
 i - 4 potions of might
 k - 3 potions of lignification
 o - 4 potions of mutation
 q - 7 potions of curing
 r - 4 potions of cancellation
 v - 4 potions of stabbing
 A - a potion of invisibility
 F - 6 potions of ambrosia
 Q - 5 potions of flight
Miscellaneous
 g - a phial of floods
 G - a lightning rod (4/4)
 J - 2 boxes of beasts
 O - 2 phantom mirrors
Comestibles
 f - 64 rations


   Skills:
 - Level 14.0 Fighting
 + Level 8.3(11.6) Polearms
 - Level 14.0(14.8) Staves
 * Level 18.0 Crossbows
 - Level 10.0 Armour
 * Level 16.2 Dodging
 - Level 1.1 Spellcasting
 - Level 9.2 Hexes
 - Level 10.0 Translocations
 - Level 5.0 Fire Magic
 - Level 14.0 Invocations
 + Level 3.6 Evocations


You had 7 spell levels left.
You knew the following spells:

 Your Spells              Type           Power        Failure   Level  Hunger
a - Tukima's Dance        Hex            ####....     7%          3    ####...
b - Slow                  Hex            ####....     3%          2    ###....
c - Inner Flame           Hex/Fire       ####....     17%         3    ####...
d - Portal Projectile     Hex/Tloc       ####..       6%          3    ####...
e - Blink                 Tloc           N/A          2%          2    ###....
f - Confusing Touch       Hex            ####....     7%          3    ####...

Your spell library contained the following spells:

 Spells                   Type           Power        Failure   Level  Hunger
 Corona                   Hex            ####...      2%          1    ##.....
 Gell's Gravitas          Tloc           ####......   5%          3    ####...
 Lesser Beckoning         Tloc           ####......   5%          3    ####...
 Teleport Other           Tloc           ####....     5%          3    ####...
 Passage of Golubria      Tloc           N/A          17%         4    #####..
 Shroud of Golubria       Chrm/Tloc      ###...       21%         2    ###....
 Ensorcelled Hibernation  Hex/Ice        ###...       24%         2    ###....
 Cause Fear               Hex            ####......   24%         4    #####..
 Recall                   Summ/Tloc      N/A          38%         3    ####...
 Dazzling Flash           Conj/Hex       ###...       43%         3    ####...
 Summon Guardian Golem    Hex/Summ       ###.....     43%         3    ####...
 Animate Skeleton         Necr           N/A          71%         1    ##.....
 Magic Dart               Conj           #...         71%         1    ##.....
 Pain                     Necr           #...         71%         1    ##.....
 Sting                    Tmut/Pois      #...         71%         1    ##.....
 Summon Small Mammal      Summ           #...         71%         1    ##.....
 Conjure Flame            Conj/Fire      #.......     75%         3    ####...
 Call Imp                 Summ           #.......     85%         2    ###....
 Poisonous Vapours        Pois/Air       #.....       85%         2    ###....
 Ignite Poison            Fire/Tmut/Pois #.......     85%         3    ####...
 Leda's Liquefaction      Hex/Erth       ###.......   85%         4    #####..
 Dispersal                Tloc           ####......   95%         6    #######
 Call Canine Familiar     Summ           #.......     97%         3    ####...
 Mephitic Cloud           Conj/Pois/Air  #.......     97%         3    ####...
 Vampiric Draining        Necr           #.........   97%         3    ####...
 Animate Dead             Necr           N/A          100%        4    #####..
 Olgreb's Toxic Radiance  Pois           #.......     100%        4    #####..
 Summon Ice Beast         Ice/Summ       #.......     100%        4    #####..
 Summon Lightning Spire   Summ/Air       #.......     100%        4    #####..
 Agony                    Necr           #.......     100%        5    ######.
 Bolt of Magma            Conj/Fire/Erth #.........   100%        5    ######.
 Borgnjor's Vile Clutch   Necr/Erth      #.........   100%        5    ######.
 Death Channel            Necr           #.........   100%        6    #######
 Freezing Cloud           Conj/Ice/Air   #.........   100%        6    #######
 Iron Shot                Conj/Erth      #.........   100%        6    #######
 Simulacrum               Ice/Necr       #.........   100%        6    #######
 Statue Form              Tmut/Erth      #........    100%        6    #######
 Ring of Flames           Chrm/Fire      #.........   100%        7    #######
 Controlled Blink         Tloc           N/A          100%        8    #######
 Disjunction              Tloc           ####......   100%        8    #######
 Shatter                  Erth           #.........   100%        9    #######


Dungeon Overview and Level Annotations

Branches:
Dungeon (15/15)            Temple (0/1) D:6            Lair (6/6) D:11
  Swamp (4/4) Lair:2        Snake (4/4) Lair:2        Slime (0/5) Lair:5
    Orc (2/2) D:10            Elf (0/3) Orc:2        Vaults (3/5) D:14
  Crypt (0/3) Vaults:3     Depths (0/5) D:15        Ossuary (visited)
 Bailey (visited)           IceCv (visited)

Altars:
Gozag
Hepliaklqana
Kikubaaqudgha
Sif Muna
Yredelemnul
Zin
Beogh

Shops:
D:7 ?   D:11 [   D:12 [=[:?   Orc:2 :(**   Snake:1 [   Snake:2 *   Vaults:1 }[

Annotations:
D:5 1 runed translucent door
D:6 exclusion: door
D:14 2 transporters, Zuangut's ghost, journeyman GnWn
D:15 3 runed translucent doors, PirateVox's ghost, journeyman FeBe
Lair:3 3 runed translucent doors, Qann's ghost, journeyman HuNe
Snake:1 1 runed translucent door, Takapiru's ghost, adept DsAs


Innate Abilities, Weirdness & Mutations

You are small and have problems with some larger weapons.
You are carnivorous and can eat meat at any time.
Your life essence is reduced to manifest your ancestor. (-10% HP)


Message History

The frost giant is moderately wounded.
You slice the frost giant!! You burn the frost giant.
The frost giant is heavily wounded.
The frost giant points at you and mumbles some strange words.
The bolt of cold hits you!! You resist.
* * * LOW HITPOINT WARNING * * *
You slice the frost giant!! You burn the frost giant.
The frost giant is severely wounded.
The frost giant points at you and mumbles some strange words.
The bolt of cold hits you!! You resist.
* * * LOW HITPOINT WARNING * * *
You hit the frost giant but do no damage.
The frost giant is severely wounded.
The frost giant hits you but does no damage.
You slash the frost giant! You burn the frost giant.
The frost giant is almost dead.
You hit the frost giant. You burn the frost giant.
The frost giant is almost dead.
The frost giant hits you with a +0 battleaxe of freezing!!
You die...

### #. ... ##### #.#
#.... #.# #....
#.########....
#........'....
#######.########....
#/..C.#.#.....##....
#@###.###.########
#.R....)[)#
#.#######.###
#$....# #.R...#
####### #######
##### #.... ###....
#....##


You could see the friendly Tlalli the hexer and a frost giant.

Vanquished Creatures
  An Ice Fiend (IceCv)
  A sphinx (Vaults:2)
  3 thorn hunters
  Kirke (Snake:4)
  Donald (Swamp:1)
  6 nagarajas
  3 fire giants
  2 vault wardens
  Louise (Swamp:1)
  Aizul (Snake:3)
  6 ironheart preservers
  A stone giant (Vaults:3)
  A very ugly thing (Swamp:4)
  A deep elf demonologist (Vaults:3)
  A deep elf annihilator (Vaults:2)
  2 ettins
  2 green deaths (Swamp:4)
  2 death oozes (Swamp:4)
  2 great orbs of eyes
  5 fire dragons
  4 yaktaur captains
  12 naga warriors
  5 vault guards
  Harold (D:8)
  An ice dragon (D:15)
  A hell beast (Swamp:4)
  2 catoblepae
  11 anacondas
  17 hydras
  3 shambling mangroves
  24 two-headed ogres
  12 centaur warriors
  A death knight (D:15)
  9 alligators
  7 ogre magi
  6 shock serpents
  A deep troll earth mage (Vaults:2)
  A thrashing horror (Swamp:4)
  2 death yaks
  16 naga sharpshooters
  Sonja (D:11)
  3 deep elf knights
  A fire crab (shapeshifter) (Vaults:3)
  A salamander mystic (Snake:4)
  Nergalle (Orc:1)
  A storm dragon skeleton (Vaults:3)
  5 unseen horrors
  8 skeletal warriors
  A deep troll (shapeshifter) (D:10)
  9 deep trolls
  7 ironbrand convokers
  A wizard (Vaults:2)
  4 swamp dragons
  A flayed ghost (Vaults:1)
  8 orc knights
  7 naga ritualists
  A deep elf archer (Vaults:1)
  A lindwurm (Lair:6)
  3 harpies (Vaults:1)
  2 harpies (shapeshifter)
  3 necromancers (Vaults:3)
  10 mana vipers
  9 ugly things
  10 deep elf magi
  A shadow dragon skeleton (Vaults:3)
  2 manticores
  7 salamanders
  An ice statue (IceCv)
  7 cyclopes
  A moth of wrath (Lair:5)
  2 centaur zombies (D:12)
  7 elephants
  A torpor snail (Lair:3)
  A guardian serpent (Snake:4)
  30 black mambas
  4 gargoyles
  A guardian serpent (shapeshifter) (Vaults:3)
  2 molten gargoyles (Lair:6)
  2 vault sentinels
  13 naga magi
  4 orange demons (Swamp:4)
  11 spiny frogs
  Psyche (D:9)
  4 kobold demonologists
  6 rime drakes
  A human zombie (Vaults:3)
  A redback zombie (D:14)
  7 komodo dragons
  A golden dragon simulacrum (IceCv)
  8 freezing wraiths
  3 ice devils (IceCv)
  17 yaktaurs
  2 tengu conjurers (D:15)
  A jumping spider (shapeshifter) (Vaults:3)
  14 trolls
  4 meliai
  A queen bee (D:15)
  12 tyrant leeches
  13 hornets
  A polar bear (Lair:6)
  37 slime creatures
  7 bog bodies
  11 dream sheep
  6 blink frogs
  A stone giant simulacrum (Vaults:2)
  A frost giant simulacrum (Vaults:3)
  A dream sheep (shapeshifter) (Vaults:3)
  An ettin zombie (Vaults:3)
  17 hippogriffs
  4 spriggans
  7 shadows
  8 dire elephant simulacra (IceCv)
  11 wyverns
  40 yaks
  2 wraiths
  2 large abominations (Swamp:4)
  A steam dragon (Lair:6)
  9 basilisks
  2 hungry ghosts
  37 vampire mosquitoes
  2 yaktaur simulacra (Vaults:3)
  A harpy simulacrum (IceCv)
  A warg (Vaults:1)
  2 iron troll simulacra (IceCv)
  7 insubstantial wisps
  2 soldier ants
  15 swamp worms
  5 hell hounds (Lair:6)
  4 acid dragons
  3 hydra simulacra (IceCv)
  48 nagas
  4 porcupines
  8 water moccasins
  2 ice beasts
  4 swamp drakes
  3 sky beasts
  16 orc warriors
  4 eyes of draining
  3 phantoms
  15 boggarts
  A necrophage (D:9)
  33 ogres
  12 centaurs
  17 wolves
  2 human skeletons (Vaults:3)
  6 crocodiles
  20 bullfrogs
  An elf zombie (Ossuary)
  An ogre simulacrum (Vaults:1)
  2 wyvern skeletons (D:12)
  4 scorpions
  2 orc simulacra (Vaults:2)
  14 killer bees
  4 human simulacra
  An elephant simulacrum (IceCv)
  4 wights (D:12)
  3 electric eels (D:6)
  4 howler monkeys
  2 bullfrog zombies
  3 hexers
  3 lava snakes (Lair:6)
  A crimson imp (D:9)
  2 quasits
  5 draconian simulacra (IceCv)
  2 bullfrog skeletons
  7 hounds
  3 jellies
  6 centaur skeletons
  4 orc priests
  Crazy Yiuf (D:3)
  14 orc wizards
  5 iguanas
  Natasha (thrice) (D:2)
  8 worker ants
  2 hell rats (Lair:2)
  A spriggan simulacrum (IceCv)
  3 polar bear simulacra (IceCv)
  6 troll simulacra (IceCv)
  4 centaur simulacra (IceCv)
  2 hound zombies
  4 hound skeletons
  3 mummies (Ossuary)
  A howler monkey zombie (D:10)
  A worker ant zombie (D:8)
  Robin (D:3)
  A howler monkey skeleton (D:10)
  9 gnolls
  9 adders
  A naga simulacrum (IceCv)
  6 river rats (Lair:2)
  7 shadow imps
  4 white imps (IceCv)
  3 oozes
  An adder skeleton (D:9)
  A worm (D:2)
  A dart slug (D:1)
  4 leopard geckos
  70 orcs
  8 bats
  5 giant cockroaches
  9 goblins
  8 hobgoblins
  6 jackals
  9 kobolds
  2 ball pythons
  4 frilled lizards
  A goblin zombie (Ossuary)
  A hobgoblin zombie (Ossuary)
  2 jackal zombies (Ossuary)
  A kobold zombie (D:5)
  A leopard gecko zombie (D:6)
  An orc zombie (Ossuary)
  4 rats
1232 creatures vanquished.

Vanquished Creatures (collateral kills)
  2 nagarajas (Snake:2)
  An ironheart preserver (Vaults:2)
  A yaktaur captain (Vaults:1)
  An ice dragon (D:15)
  A vault guard (Vaults:3)
  2 hydras
  Fannar (D:10)
  A naga warrior (Snake:3)
  4 anacondas
  An alligator (Swamp:1)
  8 two-headed ogres
  2 ogre magi
  A deep troll shaman (Vaults:1)
  A tengu warrior (D:13)
  2 death yaks (Lair:5)
  A shock serpent (Snake:2)
  A deep elf knight (Vaults:2)
  3 naga sharpshooters
  An unseen horror (shapeshifter) (D:13)
  2 unseen horrors
  A swamp dragon (Swamp:4)
  A spriggan druid (Swamp:4)
  2 deep elf archers
  4 ironbrand convokers
  A naga ritualist (Snake:2)
  A deep elf mage (Vaults:2)
  2 mana vipers
  An ugly thing (Swamp:4)
  3 elephants
  A centaur zombie (D:14)
  7 black mambas
  A gargoyle (D:13)
  A vault sentinel (Vaults:3)
  3 spiny frogs
  5 naga magi
  3 komodo dragons
  An ice devil (IceCv)
  A troll (Orc:2)
  2 bog bodies
  3 hornets
  6 slime creatures
  A tyrant leech (Swamp:4)
  2 blink frogs (Lair:2)
  A hippogriff (D:12)
  A frost giant simulacrum (Vaults:3)
  3 yaks
  A spriggan (Swamp:1)
  A tarantella (shapeshifter) (Vaults:1)
  3 wyverns
  A wraith (D:13)
  2 basilisks (Lair:6)
  A hog (Snake:4)
  3 vampire mosquitoes
  Grum (D:8)
  7 nagas
  A water moccasin (Lair:6)
  3 swamp worms
  A porcupine (Lair:4)
  5 orc warriors
  A phantom (D:4)
  4 ogres
  A boggart (Vaults:1)
  A centaur (Vaults:2)
  3 wolves
  A crocodile (D:6)
  An elf zombie (Ossuary)
  A bullfrog (Lair:2)
  5 killer bees
  2 howler monkeys
  A human zombie (Ossuary)
  A lava snake (Lair:6)
  A hound (D:5)
  A jelly (Lair:5)
  An orc priest (Vaults:1)
  4 orc wizards
  4 worker ants
  A wolf simulacrum (IceCv)
  A hound zombie (Ossuary)
  A mummy (Ossuary)
  A worker ant zombie (D:10)
  2 adders
  3 gnolls
  2 ogre simulacra (IceCv)
  2 shadow imps (D:5)
  A white imp (IceCv)
  An ufetubus (IceCv)
  An ooze (Lair:5)
  An adder skeleton (D:4)
  16 orcs
  A ball python (D:3)
  2 giant cockroaches
  A gnoll zombie (Ossuary)
  3 goblins (D:3)
  3 hobgoblins (D:3)
  A jackal (D:8)
  3 bats (D:3)
  A goblin skeleton (D:5)
  A goblin zombie (Ossuary)
  2 kobolds (D:14)
  A quokka skeleton (D:6)
  A fungus (Lair:6)
211 creatures vanquished.

Vanquished Creatures (others)
  An unseen horror (shapeshifter) (Vaults:3)
  A yaktaur (Vaults:3)
  2 vampire mosquitoes (Swamp:2)
  47 hexers
  4 white imps (IceCv)
  An ancestor (D:3)
  An ufetubus (IceCv)
  2 fungi
  5 plants
64 creatures vanquished.

Grand Total: 1507 creatures vanquished

Notes
Turn   | Place    | Note
-------+----------+-------------------------------------------
     0 | D:1      | MrRokkomies the Kobold Arcane Marksman began the quest for
                  | the Orb.
     0 | D:1      | Reached XP level 1. HP: 12/12 MP: 2/2
    77 | D:1      | Reached XP level 2. HP: 9/16 MP: 3/3
   626 | D:1      | Reached skill level 3 in Crossbows
   626 | D:1      | Reached XP level 3. HP: 21/21 MP: 4/4
  1068 | D:2      | Reached XP level 4. HP: 27/27 MP: 5/5
  1226 | D:2      | Found an opulent altar of Gozag.
  1243 | D:2      | Noticed Natasha
  1248 | D:2      | Killed Natasha
  1283 | D:2      | Noticed Natasha
  1286 | D:2      | Killed Natasha
  1286 | D:2      | Reached XP level 5. HP: 32/32 MP: 6/6
  1313 | D:2      | Found a hazy altar of Hepliaklqana.
  1424 | D:2      | Noticed Natasha
  1427 | D:2      | Killed Natasha
  1427 | D:2      | Reached skill level 4 in Crossbows
  1523 | D:2      | Became a worshipper of Hepliaklqana the Forgotten
  2112 | D:3      | Noticed Robin
  2116 | D:3      | Killed Robin
  2298 | D:3      | Reached XP level 6. HP: 32/33 MP: 7/7
  2302 | D:3      | Learned a level 2 spell: Slow
  2306 | D:3      | Learned a level 3 spell: Inner Flame
  2523 | D:3      | Found a runed translucent door.
  2524 | D:3      | Noticed Crazy Yiuf
  2566 | D:3      | Found a faded altar of an unknown god.
  2873 | D:3      | Killed Crazy Yiuf
  3042 | D:3      | Reached skill level 5 in Crossbows
  3042 | D:3      | Reached XP level 7. HP: 38/38 MP: 8/8
  3340 | D:4      | Reached * piety under Hepliaklqana
  3581 | D:4      | Reached skill level 5 in Fighting
  3614 | D:4      | Reached skill level 6 in Crossbows
  3652 | D:4      | Reached XP level 8. HP: 43/44 MP: 9/9
  3818 | D:5      | Entered Level 5 of the Dungeon
  4360 | D:5      | Found a runed translucent door.
  4360 | D:5      | Noticed a human
  4363 | D:5      | Reached ** piety under Hepliaklqana
  4364 | D:5      | Remembered your ancestor Tlalli as a hexer
  4370 | D:5      | Reached skill level 5 in Dodging
  4374 | D:5      | Found a basalt altar of Yredelemnul.
  4644 | D:5      | Reached skill level 7 in Crossbows
  5174 | D:6      | Found a staircase to the Ecumenical Temple.
  5182 | D:6      | Reached skill level 5 in Hexes
  5218 | D:6      | Found a sand-covered staircase.
  5223 | Ossuary  | Entered an ossuary
  5260 | Ossuary  | Reached XP level 9. HP: 29/50 MP: 10/10
  5482 | Ossuary  | Got a buzzing lajatang
  5483 | Ossuary  | Identified the +4 lajatang of Brutal Revenge {flame, rF+
                  | rC++} (You found it in an ossuary)
  5650 | D:6      | Reached skill level 1 in Staves
  5650 | D:6      | Reached skill level 8 in Crossbows
  5874 | D:6      | HP: 1/50 [electric eel/bolt of electricity (16)]
  6698 | D:7      | Found a flagged portal.
  6724 | Bailey   | Entered a bailey
  6868 | Bailey   | Reached *** piety under Hepliaklqana
  7128 | Bailey   | Noticed an orc knight
  7200 | Bailey   | Killed an orc knight
  7200 | Bailey   | Reached skill level 9 in Crossbows
  7200 | Bailey   | Reached XP level 10. HP: 27/56 MP: 11/11
  7992 | D:7      | Found Xiegaeny's Magic Scroll Shoppe.
  8096 | D:8      | Noticed Grum
  8127 | D:8      | Killed Grum
  8328 | D:8      | Learned a level 3 spell: Portal Projectile
  8514 | D:7      | Bought a scroll of remove curse for 33 gold pieces
  8692 | D:8      | Reached skill level 10 in Crossbows
  8777 | D:8      | Noticed Harold
  8795 | D:8      | Killed Harold
  8795 | D:8      | Reached skill level 5 in Staves
  9738 | D:9      | Noticed a two-headed ogre
  9824 | D:9      | Killed a two-headed ogre
  9824 | D:9      | Reached skill level 11 in Crossbows
  9824 | D:9      | Reached XP level 11. HP: 56/62 MP: 10/12
 10094 | D:9      | Reached **** piety under Hepliaklqana
 10234 | D:9      | Noticed a cyclops
 10242 | D:9      | Killed a cyclops
 10242 | D:9      | Reached skill level 1 in Invocations
 10366 | D:9      | Noticed a two-headed ogre
 10373 | D:9      | Killed a two-headed ogre
 10436 | D:9      | Noticed Psyche
 10445 | D:9      | Killed Psyche
 10521 | D:9      | Learned a level 2 spell: Blink
 10521 | D:9      | Noticed a two-headed ogre
 10540 | D:9      | Killed a two-headed ogre
 10899 | D:10     | Entered Level 10 of the Dungeon
 10962 | D:10     | Found a staircase to the Orcish Mines.
 11026 | D:10     | Noticed Fannar
 11047 | D:10     | Killed Fannar
 11124 | D:10     | Found the +0 mask of the Dragon {MR+ Slay+3 SInv}
 11163 | D:10     | Reached skill level 5 in Invocations
 11336 | D:10     | Noticed an unseen horror
 11350 | D:10     | Killed an unseen horror
 11350 | D:10     | Reached XP level 12. HP: 41/68 MP: 14/16
 11604 | D:10     | Noticed a fire giant
 11656 | D:10     | Noticed a two-headed ogre
 11922 | D:11     | Found a staircase to the Lair.
 12029 | D:11     | Reached ***** piety under Hepliaklqana
 12076 | D:11     | Noticed an unseen horror
 12427 | D:11     | Killed an unseen horror
 12487 | D:11     | Noticed a two-headed ogre
 12505 | D:11     | Killed a two-headed ogre
 12752 | D:11     | Noticed Sonja
 12755 | D:11     | Killed Sonja
 12755 | D:11     | Reached skill level 10 in Fighting
 13052 | Lair:1   | Entered Level 1 of the Lair of Beasts
 13238 | D:7      | Bought a scroll of acquirement for 572 gold pieces
 13239 | D:7      | Got the amulet "Dicwiss" {Spirit rElec Dex+4}
 13482 | Lair:1   | Reached skill level 10 in Dodging
 14198 | Lair:2   | Reached skill level 1 in Translocations
 14298 | Lair:2   | Reached XP level 13. HP: 70/73 MP: 19/19
 14617 | Lair:2   | Found a staircase to the Snake Pit.
 14639 | Lair:2   | Found a staircase to the Swamp.
 14665 | Lair:2   | Reached skill level 10 in Staves
 15316 | Lair:3   | Found a runed translucent gate.
 15316 | Lair:3   | Found a runed translucent gate.
 15319 | Lair:3   | Found a runed translucent gate.
 15832 | Lair:3   | Noticed an ice dragon
 15848 | Lair:3   | Noticed Qann's ghost (journeyman HuNe)
 15913 | Lair:4   | Reached skill level 10 in Invocations
 15992 | Lair:4   | Noticed a catoblepas
 15997 | Lair:4   | Killed a catoblepas
 16041 | Lair:4   | Noticed a four-headed hydra
 16049 | Lair:4   | Killed a four-headed hydra
 16108 | Lair:4   | Noticed a seven-headed hydra
 16136 | Lair:4   | Killed a six-headed hydra
 17131 | Lair:5   | Reached ****** piety under Hepliaklqana
 17209 | Lair:5   | Reached XP level 14. HP: 29/79 MP: 12/22
 17219 | Lair:5   | Reached skill level 5 in Translocations
 17485 | Lair:5   | Found a staircase to the Slime Pits.
 17931 | Lair:5   | Reached skill level 1 in Fire Magic
 18882 | Lair:6   | Entered Level 6 of the Lair of Beasts
 19486 | Lair:6   | HP: 1/79 [lava snake/glob of lava (7)]
 19592 | Lair:6   | Found a large runed translucent door.
 19593 | Lair:6   | Found a large runed translucent door.
 19728 | Lair:6   | Reached XP level 15. HP: 30/82 MP: 24/24
 20453 | Lair:6   | Got a smoking ring mail
 20464 | Lair:6   | Identified the cursed +0 ring mail of the Game Afoot {rN++
                  | Int+3} (You found it on level 6 of the Lair of Beasts)
 20864 | Lair:6   | Reached skill level 5 in Fire Magic
 20948 | Lair:6   | Learned a level 3 spell: Confusing Touch
 21179 | D:10     | Killed a fire giant
 21484 | Orc:1    | Entered Level 1 of the Orcish Mines
 21484 | Orc:1    | Noticed Nergalle
 21492 | Orc:1    | Killed Nergalle
 21663 | Orc:1    | Found a shimmering blue altar of Sif Muna.
 21718 | Orc:2    | Entered Level 2 of the Orcish Mines
 21791 | Orc:2    | Found a staircase to the Elven Halls.
 22340 | D:10     | Reached skill level 1 in Armour
 22547 | Orc:2    | Found Qaaqeett's Book Boutique.
 22554 | Orc:2    | Found Tumukam's Weapon Shop.
 22556 | Orc:2    | Found Waethrof's Assorted Antiques.
 22639 | Orc:2    | Found Ucoigiph's General Store.
 22761 | Orc:2    | Found a roughly hewn altar of Beogh.
 23134 | Orc:2    | Bought a scroll of enchant armour for 150 gold pieces
 23313 | D:7      | Bought a scroll of enchant armour for 82 gold pieces
 23313 | D:7      | Bought a scroll of enchant armour for 82 gold pieces
 23809 | D:12     | Reached XP level 16. HP: 89/89 MP: 26/26
 23850 | D:12     | Found Otes's Magic Scroll Boutique.
 23856 | D:12     | Bought a scroll of teleportation for 45 gold pieces
 23856 | D:12     | Bought a scroll of teleportation for 45 gold pieces
 23856 | D:12     | Bought a scroll of teleportation for 45 gold pieces
 23910 | D:12     | Found Tymoexah's Jewellery Shoppe.
 23938 | D:12     | Found Ovvoimpi's Antique Armour Boutique.
 23948 | D:12     | Bought a shimmering helmet for 304 gold pieces
 23953 | D:12     | Identified the +1 helmet of Liulinir {rElec} (You bought it
                  | in a shop on level 12 of the Dungeon)
 24337 | D:12     | Found Dihig's Armour Shop.
 24357 | D:12     | Found Kuucankuobb's Book Shop.
 24423 | D:12     | You fall into a shaft and drop 2 floors!
 24623 | D:14     | Noticed Zuangut's ghost (journeyman GnWn)
 24629 | D:14     | Found a transporter.
 24814 | D:14     | Found a transporter.
 25259 | D:14     | Found a gate to the Vaults.
 25275 | D:14     | Paralysed by a hornet for 1 turns
 25459 | D:14     | Reached skill level 5 in Armour
 26105 | D:13     | Found a glowing silver altar of Zin.
 26766 | D:13     | Reached XP level 17. HP: 94/97 MP: 27/27
 26836 | D:13     | Learned a level 3 spell: Tukima's Dance
 27210 | Orc:2    | Bought the +8 lance "Wyrmbane" {slay drac, rPois rF+ rC+
                  | AC+3} for 1131 gold pieces
 27210 | Orc:2    | Found the +8 lance "Wyrmbane" {slay drac, rPois rF+ rC+
                  | AC+3}
 27323 | D:15     | Entered Level 15 of the Dungeon
 27398 | D:15     | Noticed PirateVox's ghost (journeyman FeBe)
 27399 | D:15     | Found a runed translucent gate.
 27399 | D:15     | Found a runed translucent gate.
 27400 | D:15     | Found a runed translucent gate.
 28026 | D:15     | Reached skill level 1 in Polearms
 28359 | D:15     | Found a staircase to the Depths.
 28687 | Swamp:1  | Entered Level 1 of the Swamp
 28753 | Swamp:1  | Noticed Louise
 28807 | Swamp:1  | Killed Louise
 29572 | Swamp:1  | Noticed Donald
 29594 | Swamp:1  | Killed Donald
 29799 | Swamp:1  | Upgraded the game from 0.26-a0-113-gd8a95b691d to
                  | 0.26-a0-117-g2bcdb00447
 30045 | Swamp:2  | Noticed a thorn hunter
 30056 | Swamp:2  | Killed a thorn hunter
 30344 | Swamp:2  | Noticed a thorn hunter
 30367 | Swamp:2  | Killed a thorn hunter
 31703 | Swamp:4  | Entered Level 4 of the Swamp
 31754 | Swamp:4  | Reached XP level 18. HP: 104/104 MP: 28/28
 33288 | Swamp:4  | Reached skill level 12 in Crossbows
 34494 | Swamp:4  | Got a decaying rune of Zot
 34777 | Snake:1  | Entered Level 1 of the Snake Pit
 35043 | Snake:1  | Found Ejuewats's Antique Armour Shop.
 35180 | Snake:1  | Reached skill level 13 in Crossbows
 35386 | Snake:1  | Found a runed translucent door.
 35387 | Snake:1  | Noticed Takapiru's ghost (adept DsAs)
 35826 | Snake:2  | Found Bymum's Assorted Antiques.
 36471 | Snake:2  | Reached skill level 5 in Polearms
 36495 | Snake:2  | Reached skill level 10 in Armour
 37018 | Snake:2  | Reached XP level 19. HP: 73/108 MP: 19/29
 38565 | Snake:3  | Reached skill level 14 in Crossbows
 39320 | Snake:3  | Noticed Aizul
 39352 | Snake:3  | Killed Aizul
 39760 | Snake:4  | Entered Level 4 of the Snake Pit
 39798 | Snake:4  | Found a frozen archway.
 39880 | IceCv    | Entered an ice cave
 41167 | IceCv    | Noticed an Ice Fiend
 41203 | IceCv    | Killed an Ice Fiend
 42063 | Snake:4  | Reached skill level 15 in Crossbows
 42828 | Snake:4  | Reached XP level 20. HP: 114/114 MP: 30/30
 43362 | Snake:4  | Noticed Kirke
 43367 | Snake:4  | Killed Kirke
 44119 | Snake:4  | Got a serpentine rune of Zot
 44570 | Vaults:1 | Entered Level 1 of the Vaults
 44622 | Vaults:1 | Found Fefrus's Antique Armour Emporium.
 44635 | Vaults:1 | Found Painij's Gadget Shoppe.
 44648 | Vaults:1 | Found a flickering gateway to a bazaar.
 44654 | Bazaar   | Entered a bazaar
 44654 | Bazaar   | Found Usarr's Jewellery Boutique.
 44666 | Bazaar   | Found Keryvet's Distillery.
 44666 | Bazaar   | Found Zinejuk's Antique Weapon Boutique.
 44688 | Bazaar   | Found Cepludu's General Store.
 44696 | Bazaar   | Found Unut's Antique Armour Emporium.
 44756 | Bazaar   | Bought a scroll of acquirement for 572 gold pieces
 44756 | Bazaar   | Bought 3 scrolls of enchant weapon for 247 gold pieces
 44780 | Bazaar   | Bought a potion of experience for 400 gold pieces
 44780 | Bazaar   | Reached skill level 16 in Crossbows
 44780 | Bazaar   | Reached XP level 21. HP: 118/118 MP: 31/31
 47399 | Vaults:2 | Reached skill level 17 in Crossbows
 47401 | Vaults:2 | Reached skill level 15 in Dodging
 47533 | Vaults:2 | Reached XP level 22. HP: 115/123 MP: 32/32
 48328 | Vaults:2 | Reached skill level 10 in Translocations
 48395 | Vaults:2 | Reached skill level 1 in Evocations
 48702 | Vaults:2 | Upgraded the game from 0.26-a0-117-g2bcdb00447 to
                  | 0.26-a0-146-g24f6d3962c
 49707 | Vaults:3 | Found a basalt altar of Yredelemnul.
 49744 | Vaults:3 | Reached skill level 18 in Crossbows
 49830 | Vaults:3 | Found a staircase to the Crypt.
 49830 | Vaults:3 | Found an ancient bone altar of Kikubaaqudgha.
 49995 | Vaults:3 | Mangled by a frost giant

Illustrated notes

Levels and vault maps discovered:
D:1:      nicolae_arrival_washed_ashore, layout_basic, solitary_fountain
D:2:      layout_loops_corners, nicolae_overflow_crystal_walls, first_ration,
          grunt_gozag_breadcrumbs, uniq_natasha
D:3:      layout_basic, chequers_ecumenical_altar_simple, uniq_robin,
          uniq_crazy_yiuf_cottage
D:4:      layout_cave_pools
D:5:      layout_layer_cave, dk_yredelemnul_ordeal
D:6:      cheibrodos_two_vegetables, layout_rooms, minmay_temple_entry_ruins,
          enter_ossuary_2, chequers_serial_rivers_micro_a
D:7:      layout_rooms, enter_bailey_2, serial_shops, shop, the_bakery
D:8:      wad_cavern_with_rooms, layout_basic, uniq_harold, uniq_grum
D:9:      layout_stronghold, uniq_psyche
D:10:     wad_statue_garden, layout_cross, orc_0_dummy, uniq_fannar
D:11:     layout_rooms, lair_entry_dummy, hangedman_decor_opposing, uniq_sonja
D:12:     layout_basic, serial_shops, shop, shop, shop_fountains, shop, shop
D:13:     minmay_the_grid_square_5x5_4x4 [minmay_the_grid_square_5x5_mess,
          minmay_the_grid_square_5x5_detours,
          minmay_the_grid_square_5x5_two_walls_b,
          minmay_the_grid_square_5x5_fat_x,
          minmay_the_grid_square_5x5_sharp_hourglass,
          minmay_the_grid_square_5x5_prize_open,
          minmay_the_grid_square_5x5_prize_pseudospiral,
          minmay_the_grid_square_5x5_tetrominoes, minmay_the_grid_square_5x5_z,
          minmay_the_grid_square_5x5_prize_gold,
          minmay_the_grid_square_5x5_prize_junk,
          minmay_the_grid_square_5x5_broken_cross,
          minmay_the_grid_square_5x5_trominoes,
          minmay_the_grid_square_5x5_fancy_junction,
          minmay_the_grid_square_5x5_bite,
          minmay_the_grid_square_5x5_intrusive_squares], layout_stronghold,
          basic_altar
D:14:     layout_gridville, lightli_vaults_fourway_checkpoint,
          kennysheep_nondescript, gammafunk_ghost_stat_death
D:15:     grunt_enter_depths_hoard, layout_long_grid, gammafunk_ghost_split,
          dk_noncrumbling_3, hangedman_abyss_or_decor_lesser_grid, minivault_7
Lair:1:   layout_chaotic_city, beast_lair_carwin_3
Lair:2:   layout_hall_layers, minmay_swamp_entry_swarm, dummy_snake_entry,
          kennysheep_rathole, infiniplex_staircase_pool_2
Lair:3:   layout_roguey, gammafunk_ghost_icy
Lair:4:   layout_loops_ring, chequers_serial_rivers_room_b
Lair:5:   layout_cave_pods, nicolae_slime_entry_slimehenge, special_room
          [special_room_mythical_zoo], worms_lemuel
Lair:6:   cheibrodos_lair_end_hotspot, layout_layer_cave,
          chequers_serial_rivers_marsh
Swamp:1:  layout_basic_swamp, nicolae_swamp_feature_on_the_river_bank,
          infiniplex_staircase_pool, uniq_louise, uniq_donald
Swamp:2:  layout_basic_swamp, nicolae_swamp_triple_paths
Swamp:3:  layout_basic_swamp, serial_swamp_ruin, evilmike_swamp_ruin_rubble_2,
          hangedman_swamp_ruin_wall, evilmike_swamp_ruin_house_6
Swamp:4:  swamp_vile, layout_basic_swamp, swamp_pool1
Snake:1:  layout_misc_corridors, serial_shops, shop,
          ebering_ghost_reflecting_pool
Snake:2:  layout_chambers, serial_shops, shop
Snake:3:  nicolae_snake_nest, layout_rooms, uniq_aizul
Snake:4:  minmay_snake_end_coiled, layout_cave_town,
          portal_ice_cave_entry_pillars_2, uniq_kirke
Orc:1:    nicolae_orc_accident_3, layout_diamond_mine, led_sif_book,
          uniq_nergalle
Orc:2:    st_orc_open, layout_caves, basic_altar, statue_in_the_mist_lemuel
Vaults:1: ontoclasm_vaults_chip, v_rooms_5, hangedman_vaults_locks,
          nicolae_vaults_three_branches, grunt_vaults_twisty, vaults_dpeg_ring,
          nicolae_vaults_diagonal_hallway_7, v_misc_17,
          nicolae_vaults_mini_display_case, vaults_dpeg_hooks,
          layout_vaults_omnigrid, serial_shops, bzr_in_the_mist,
          nicolae_shop_overgrown_old_shop, shop
Vaults:2: vaults_room_fours, grunt_vaults_bifocal, nicolae_vaults_triangles,
          nicolae_vaults_an_arrangement, v_alt_pattern_2, v_misc_30,
          ontoclasm_vaults_ring_small, vaults_room_pools, grunt_vaults_swirl,
          vaults_room_door_ring, ontoclasm_vaults_twist,
          nicolae_vaults_yaktaur_gun_rack, ontoclasm_vaults_fault,
          ontoclasm_vaults_loading_screen, layout_vaults_ring
Vaults:3: v_misc_22, serial_ice_h, v_misc_26, minmay_crypt_entry_necro_gods,
          nicolae_vaults_circle_grid_a, v_pattern_2, hangedman_vaults_nodes,
          nicolae_vaults_branching_niches, nicolae_vaults_rhombus_6,
          ontoclasm_vaults_ring_square, layout_vaults_maze_snakey

Skill      XL: |  1  2  3  4  5  6  7  8  9 10 11 12 13 14 15 16 17 18 19 20 21 22 |
---------------+-------------------------------------------------------------------+-----
Crossbows      | 3 4 5 6 7 9 11 13 15 16 17 18 | 18.0
Fighting       | 2 3 4 5 6 7 8 9 10 12 14 | 14.0
Dodging        | 3 4 5 6 8 9 10 12 14 15 16 | 16.2
Hexes          | 4 5 6 8 9 |  9.2
Staves         | 3 6 7 9 11 12 13 14 | 14.0
Invocations    | 5 8 11 12 14 | 14.0
Translocations | 1 4 5 7 8 9 10 | 10.0
Fire Magic     | 4 5 |  5.0
Armour         | 2 6 8 10 | 10.0
Polearms       | 3 5 6 7 8 |  8.3
Evocations     | 3 |  3.6
Spellcasting   | |  1.1

Action                   |  1- 3 |  4- 6 |  7- 9 | 10-12 | 13-15 | 16-18 | 19-21 | 22-24 || total
-------------------------+-------+-------+-------+-------+-------+-------+-------+-------++-------
Melee: Short sword       |    11 |    60 |       |       |       |       |       |       ||    71
       Quarterstaff      |       |     6 |   130 |       |       |       |       |       ||   136
       Lajatang          |       |       |    32 |   452 |   847 |  1211 |   423 |   281 ||  3246
       Lance             |       |       |       |       |       |   234 |   528 |    13 ||   775
 Fire: Hand crossbow     |    53 |    70 |   184 |    42 |    90 |    22 |       |       ||   461
       Arbalest          |       |       |       |       |       |   146 |   378 |    61 ||   585
       Triple crossbow   |       |       |       |       |       |       |       |    47 ||    47
Throw: Dart              |       |       |     8 |     3 |    12 |       |       |       ||    23
       Throwing net      |       |       |       |       |       |     1 |       |       ||     1
 Cast: Slow              |       |     3 |     1 |     5 |     2 |       |       |       ||    11
       Corona            |       |       |     2 |     1 |       |       |       |       ||     3
       Blink             |       |       |       |       |    13 |     9 |     3 |       ||    25
       Inner Flame       |       |       |       |       |     8 |       |       |       ||     8
       Confusing Touch   |       |       |       |       |       |     1 |     3 |     1 ||     5
       Portal Projectile |       |       |       |       |       |     1 |    14 |     5 ||    20
       Tukima's Dance    |       |       |       |       |       |       |       |     1 ||     1
Invok: Ancestor Life: He |       |       |     1 |       |       |       |       |       ||     1
       Transference      |       |       |     1 |       |     1 |     2 |     1 |     1 ||     6
       Idealise          |       |       |       |       |     1 |     4 |       |     1 ||     6
       Recall Ancestor   |       |       |       |       |       |     2 |     3 |       ||     5
Evoke: Wand              |       |       |     1 |     4 |     4 |     3 |     2 |     1 ||    15
  Use: Scroll            |     5 |     4 |     8 |    13 |    20 |    22 |     8 |     5 ||    85
       Potion            |       |       |     1 |     2 |     6 |    17 |    14 |       ||    40
 Stab: Paralysed         |       |       |     3 |       |    12 |    56 |    56 |    12 ||   139
       Confused          |       |       |     1 |     4 |    13 |    12 |    60 |    14 ||   104
       Distracted        |       |       |     1 |     3 |     4 |    21 |     3 |     3 ||    35
       Sleeping          |       |       |       |     2 |     2 |       |       |       ||     4
       Invisible         |       |       |       |       |     3 |     7 |       |       ||    10
  Eat: Chunk             |     9 |     6 |    13 |    28 |    33 |    42 |    42 |     9 ||   182
Armor: Robe              |     1 |       |       |    63 |   137 |       |       |       ||   201
       Ring mail         |    18 |    39 |    83 |    74 |       |       |       |       ||   214
       Fire dragon scale |       |       |       |       |   117 |   763 |   306 |    93 ||  1279
       Skin              |       |       |       |       |       |       |     8 |       ||     8
Dodge: Dodged            |    32 |    88 |   186 |   508 |   873 |  1066 |   497 |   168 ||  3418
Block: Other             |       |       |    54 |    95 |       |       |       |       ||   149
       Reflection        |       |       |       |     5 |       |       |       |       ||     5

Table legend:
 A = Non-vault XP
 B = Vault XP
 C = Vault XP percentage of total XP
 D = Non-vault monster count
 E = Vault monster count
 F = Vault count percentage of total count
                 A         B        C        D         E       F
            +---------+---------+-------+---------+---------+-------
      Total |  303936 |  175231 |  36.6 |     954 |     488 |  33.8
            +---------+---------+-------+---------+---------+-------
        D:1 |      54 |       0 |   0.0 |      24 |       0 |   0.0
        D:2 |     104 |      35 |  25.2 |      11 |       1 |   8.3
        D:3 |     309 |      74 |  19.3 |      35 |      12 |  25.5
        D:4 |     488 |       0 |   0.0 |      20 |       0 |   0.0
        D:5 |     524 |       2 |   0.4 |      22 |       2 |   8.3
        D:6 |     438 |     275 |  38.6 |      13 |       5 |  27.8
        D:7 |     285 |     229 |  44.6 |      15 |       1 |   6.2
        D:8 |     532 |    1614 |  75.2 |      12 |       8 |  40.0
        D:9 |    5157 |     395 |   7.1 |      28 |       1 |   3.4
       D:10 |    2963 |    7724 |  72.3 |      26 |      16 |  38.1
       D:11 |    4030 |     666 |  14.2 |      28 |       1 |   3.4
       D:12 |   13765 |       0 |   0.0 |      44 |       0 |   0.0
       D:13 |    8487 |   11667 |  57.9 |      32 |      24 |  42.9
       D:14 |    9409 |    6797 |  41.9 |      37 |      12 |  24.5
       D:15 |    7516 |    3989 |  34.7 |      17 |      20 |  54.1
     Lair:1 |    2263 |    1193 |  34.5 |      12 |       6 |  33.3
     Lair:2 |    4791 |    1385 |  22.4 |      21 |      16 |  43.2
     Lair:3 |    4230 |       0 |   0.0 |      13 |       0 |   0.0
     Lair:4 |    9134 |     314 |   3.3 |      28 |       2 |   6.7
     Lair:5 |   10791 |    8112 |  42.9 |      35 |      28 |  44.4
     Lair:6 |    9438 |    8574 |  47.6 |      31 |      28 |  47.5
    Swamp:1 |    9432 |    3762 |  28.5 |      32 |       2 |   5.9
    Swamp:2 |   17059 |       0 |   0.0 |      37 |       0 |   0.0
    Swamp:3 |   14899 |    5125 |  25.6 |      43 |       7 |  14.0
    Swamp:4 |   10638 |   14938 |  58.4 |      33 |      24 |  42.1
    Snake:1 |   14242 |       0 |   0.0 |      27 |       0 |   0.0
    Snake:2 |   31457 |       0 |   0.0 |      47 |       0 |   0.0
    Snake:3 |   16391 |    1617 |   9.0 |      28 |       1 |   3.4
    Snake:4 |   23260 |   24354 |  51.1 |      43 |      46 |  51.7
      Orc:1 |     920 |    8564 |  90.3 |       9 |      27 |  75.0
      Orc:2 |    2204 |    4573 |  67.5 |      22 |       8 |  26.7
   Vaults:1 |   28993 |    9688 |  25.0 |      54 |      32 |  37.2
   Vaults:2 |   19345 |   26439 |  57.7 |      38 |      42 |  52.5
   Vaults:3 |   20388 |   12218 |  37.5 |      37 |      30 |  44.8
    Ossuary |       0 |     348 | 100.0 |       0 |      16 | 100.0
     Bailey |       0 |    1226 | 100.0 |       0 |      16 | 100.0
      IceCv |       0 |    9334 | 100.0 |       0 |      54 | 100.0
            +---------+---------+-------+---------+---------+-------
